 Dungeon Crawl Stone Soup version 0.26-a0-104-gef3e9dd61f (webtiles) character file.

Game seed: 4858771429823994907

84 MrRokkomies the Skirmisher (level 4, -1/28 HPs)
             Began as a Tengu Abyssal Knight on June 22, 2020.
             Was a Follower of Lugonu.
             Slain by Robin
             ... wielding a +1 vampiric trident
              (7 damage)
             ... on level 2 of the Dungeon.
             The game lasted 00:02:57 (1730 turns).

MrRokkomies the Skirmisher (Tengu Abyssal Knight)   Turns: 1730, Time: 00:02:58

Health: -1/28      AC:  5    Str: 13    XL:     4   Next: 46%
Magic:  7/7        EV: 11    Int: 13    God:    Lugonu [*.....]
Gold:   47         SH:  0    Dex: 13    Spells: 3/3 levels left

rFire    . . .     SeeInvis .   a - +1 mace
rCold    . . .     Gourm    .   (no shield)
rNeg     . . .     Faith    .   f - +0 ring mail
rPois    .         Spirit   .   (helmet restricted)
rElec    .         Reflect  .   (no cloak)
rCorr    .         Harm     .   (no gloves)
MR       .....                  (boots unavailable)
Stlth    ++........             (no amulet)
HPRegen  0.09/turn              d - ring of stealth
MPRegen  0.10/turn              (no ring)

@: no status effects
A: beak, talons 3, [blurry vision 2]
a: Depart the Abyss, Renounce Religion


You were on level 2 of the Dungeon.
You worshipped Lugonu.
Lugonu was aware of your devotion.
You were not hungry.

You visited 1 branch of the dungeon, and saw 2 of its levels.
You visited the Abyss 1 time.

You collected 47 gold pieces.

Inventory:

Hand Weapons
 a - a +1 mace (weapon)
 b - a +1 hunting sling of freezing
Missiles
 h - 16 stones (quivered)
Armour
 f - a +0 ring mail (worn)
Jewellery
 d - a ring of stealth (left hand)
Scrolls
 e - 4 scrolls of identify {unknown}
Comestibles
 c - 8 rations
 g - 3 chunks of flesh


   Skills:
 + Level 3.4 Fighting
 * Level 3.2 Maces & Flails
 - Level 2.1 Armour
 + Level 1.9 Dodging
 * Level 2.7 Invocations


You had 3 spell levels left.
You didn't know any spells.
Your spell library was empty.

Dungeon Overview and Level Annotations

Branches:
Dungeon (2/15)

Altars:

Annotations:
D:2 Robin


Innate Abilities, Weirdness & Mutations

You have a beak for a mouth.
You have claws for feet.
[Scrolls take you longer to read.]


Message History

Robin is heavily wounded.
The hobgoblin hits you. The goblin hits you.
Robin hits you with a +1 vampiric trident!
Robin draws strength from your wounds! The hobgoblin closely misses you.
You sock Robin!
Robin is severely wounded.
The goblin barely misses you.
Robin hits you with a +1 vampiric trident.
* * * LOW HITPOINT WARNING * * *
Robin draws strength from your wounds!
The hobgoblin hits you but does no damage.
The goblin barely misses you.
You aren't carrying any potions.
Really read with blurry vision while enemies are nearby?
Okay, then.
You open the door.
A hobgoblin comes into view.
The hobgoblin hits you but does no damage.
Robin hits you with a +1 vampiric trident!
You die... ). ## . .. . .# .#.# #..## #...# .# +.8.# ^# #ggg#

#.# #@###########.#
#>##.'#g#.#.#.#.##.#
#.#...##.........#.#
..#.8g#.#.##+##.##.#
#.#...#...# #....# #.
##.##>####.+ +.#..# #.
...#####.)# #..#.# #.
#.##..###.##+##.##.# #.
#.##..##.....[...#.###.


You could see Robin, 2 hobgoblins and 2 goblins.

Vanquished Creatures
  3 adders (D:2)
  An ooze (D:1)
  3 dart slugs
  A leopard gecko (D:2)
  A giant cockroach (D:1)
  5 goblins
  8 hobgoblins
  5 jackals
  4 bats
  4 frilled lizards (D:1)
  6 kobolds
  5 rats
46 creatures vanquished.

Notes
Turn   | Place    | Note
-------+----------+-------------------------------------------
     0 | Abyss:1  | MrRokkomies the Tengu Abyssal Knight began the quest for
                  | the Orb.
     0 | Abyss:1  | Reached XP level 1. HP: 14/14 MP: 3/3
    28 | Abyss:1  | Found a corrupted altar of Lugonu.
   109 | Abyss:1  | Noticed a large abomination
   123 | Abyss:1  | Noticed a wretched star
   125 | Abyss:1  | Noticed a large abomination
   128 | D:1      | Escaped the Abyss
   463 | D:1      | Reached * piety under Lugonu
   514 | D:1      | Reached XP level 2. HP: 18/19 MP: 4/4
   809 | D:1      | Reached XP level 3. HP: 16/23 MP: 5/5
  1389 | D:2      | Reached XP level 4. HP: 23/28 MP: 6/6
  1714 | D:2      | Noticed Robin
  1730 | D:2      | Slain by Robin

Illustrated notes

Levels and vault maps discovered:
D:1:      kennysheep_arrival_seaside, layout_basic,
          chequers_serial_rivers_micro_b
D:2:      layout_loops_ring, minmay_misc_feat_doors, grunt_ministairs_4,
          minmay_goblin_outpost, uniq_robin

Skill      XL: |  1  2  3 |
---------------+----------+-----
Invocations    | 2 |  2.7
Maces & Flails | 3 |  3.2
Fighting       | |  3.4
Armour         | |  2.1
Dodging        | |  1.9

Action                   |  1- 3 |  4- 6 || total
-------------------------+-------+-------++-------
Melee: Mace              |    74 |    28 ||   102
       Peck              |     9 |     3 ||    12
       Kick              |    17 |     5 ||    22
Invok: Depart the Abyss  |     1 |       ||     1
  Use: Scroll            |     3 |       ||     3
 Stab: Sleeping          |     3 |     1 ||     4
  Eat: Chunk             |     1 |     2 ||     3
Armor: Ring mail         |    38 |    12 ||    50
Dodge: Dodged            |    58 |    18 ||    76

Table legend:
 A = Non-vault XP
 B = Vault XP
 C = Vault XP percentage of total XP
 D = Non-vault monster count
 E = Vault monster count
 F = Vault count percentage of total count
                 A         B        C        D         E       F
            +---------+---------+-------+---------+---------+-------
      Total |     100 |      21 |  17.4 |      41 |       5 |  10.9
            +---------+---------+-------+---------+---------+-------
        D:1 |      52 |       0 |   0.0 |      29 |       0 |   0.0
        D:2 |      48 |      21 |  30.4 |      12 |       5 |  29.4
            +---------+---------+-------+---------+---------+-------
